Niagara IceDogs vs Sarnia Sailors
Created - Saturday, March 25, 2023 at 08:48
Goals
|
| Niagara IceDogs |
0 |
2 |
1 |
0 |
1 |
4 |
| Sarnia Sailors |
1 |
2 |
0 |
0 |
0 |
3 |
|
Shots
|
| Niagara IceDogs |
3 |
9 |
18 |
1 |
6 |
31 |
| Sarnia Sailors |
10 |
24 |
8 |
1 |
6 |
43 |
|
1st period
1. Sarnia Sailors , Dominic Toninato 8 (Vasily Podkolzin 11, Keegan Kolesar 15) at 4:43
Penalties :
Joachim Blichfeld (NID) for Roughing (Minor) at 4:46, Filip Kral (NID) for Holding (Minor) at 11:19, Jack Rathbone (SAR) for Holding (Minor) at 19:45
2nd period
2. Niagara IceDogs , Joachim Blichfeld 7 (Jacob MacDonald 8, Ian Mitchell 4) at 0:16 (PP)
3. Sarnia Sailors , Dylan McLaughlin 3 (Nick Ritchie 12, Laurent Brossoit) at 8:50
4. Niagara IceDogs , Chase Pearson 2 (Jonatan Berggren 7, Conor Timmins 1) at 9:11
5. Sarnia Sailors , Aleksi Heponiemi 1 (Seth Barton 5, Rob Hamilton 3) at 13:11
Penalties :
Keegan Kolesar (SAR) for Fighting (Major) at 8:57, Alex Whelan (NID) for Fighting (Major) at 8:57, Connor Carrick (SAR) for Holding (Minor) at 15:20
3rd period
6. Niagara IceDogs , Jonatan Berggren 3 (Chase Pearson 2, Ian Mitchell 5) at 5:46
Penalties :
Connor Carrick (SAR) for Tripping (Minor) at 8:48, Dominic Toninato (SAR) for Holding (Minor) at 15:28
Overtime #1
No Goal
Penalties :
No Penalty
Shootout
Niagara IceDogs, Jack Quinn - Stopped by Laurent Brossoit
Sarnia Sailors, Aleksi Heponiemi - Stopped by Daniel Vladar
Niagara IceDogs, Arttu Ruotsalainen - Shot Misses the Net
Sarnia Sailors, Keegan Kolesar - Shot Misses the Net
Niagara IceDogs, Aliaksei Protas - Stopped by Laurent Brossoit
Sarnia Sailors, Dominic Toninato - Stopped by Daniel Vladar
Niagara IceDogs, Jonatan Berggren - Stopped by Laurent Brossoit
Sarnia Sailors, Vasily Podkolzin - Shot Misses the Net
Niagara IceDogs, Joachim Blichfeld - Shot Misses the Net
Sarnia Sailors, Michael Dal Colle - Shot Misses the Net
Niagara IceDogs, Jacob MacDonald - Goal!
Sarnia Sailors, Yannick Weber - Stopped by Daniel Vladar
Penalties :
No Penalty
Goalie Stats
Daniel Vladar (NID), 40 saves from 43 shots - (0.930), W, 7-0-0, 65:00 minutes
Laurent Brossoit (SAR), 28 saves from 31 shots - (0.903), OTL, 5-3-1, 65:00 minutes
Players Stats for Niagara IceDogs
Player Name G A P +/- PIM S H SB GA TA FO MP PP MP PK MP
------------------------------------------------------------------------------------
Alex Whelan 0 0 0 1 5 2 3 0 1 0 0/0 15:09 3:06 0:00
Aliaksei Protas 0 0 0 0 0 1 4 2 1 0 1/1 17:54 3:07 1:48
Arttu Ruotsalainen 0 0 0 -1 0 3 2 0 0 0 3/7 21:07 3:14 1:53
Chase Pearson 1 1 2 1 0 3 2 0 1 0 0/1 13:22 0:00 0:00
Conor Timmins 0 1 1 -1 0 1 2 3 0 1 0/0 26:30 3:26 2:07
Filip Kral 0 0 0 0 2 1 1 0 0 0 0/0 16:35 0:00 0:00
Ian Mitchell 0 2 2 0 0 0 0 0 1 0 0/0 22:11 3:02 1:51
Jack Quinn 0 0 0 -1 0 4 5 0 2 1 1/6 21:05 3:14 1:53
Jacob MacDonald 0 1 1 0 0 1 2 1 0 0 0/0 22:56 3:02 1:51
James Hamblin 0 0 0 0 0 2 2 1 0 0 2/8 11:39 0:00 0:00
Jayden Halbgewachs 0 0 0 -1 0 1 1 0 0 0 6/14 14:33 0:00 0:17
Joachim Blichfeld 1 0 1 0 2 1 0 0 0 0 1/1 14:24 2:51 0:00
John Ludvig 0 0 0 0 0 0 1 2 0 2 0/0 21:57 3:26 2:07
Jonatan Berggren 1 1 2 1 0 5 0 2 1 0 6/12 20:26 3:06 1:48
Joseph Duszak 0 0 0 -1 0 1 1 3 0 1 0/0 20:07 0:00 0:00
Nicholas Robertson 0 0 0 -1 0 2 2 0 0 0 0/1 13:48 0:26 0:17
Tim Soderlund 0 0 0 -1 0 0 1 0 0 0 0/0 10:37 0:08 0:00
Vasili Ponomarev 0 0 0 -1 0 3 1 0 0 0 2/6 11:39 0:12 0:00
Players Stats for Sarnia Sailors
Player Name G A P +/- PIM S H SB GA TA FO MP PP MP PK MP
------------------------------------------------------------------------------------
Aleksi Heponiemi 1 0 1 1 0 2 0 0 0 0 0/0 13:26 0:06 0:16
Alex Vlasic 0 0 0 -1 0 5 0 2 0 0 0/0 28:42 2:42 3:55
Chris Wideman 0 0 0 1 0 0 3 0 1 0 0/0 8:52 1:16 0:00
Connor Carrick 0 0 0 1 4 2 2 1 0 0 0/1 19:32 0:00 1:44
David Warsofsky 0 0 0 2 0 0 0 0 0 0 0/0 12:22 0:00 0:00
Dominic Toninato 1 0 1 -1 2 5 1 0 0 1 3/5 21:41 1:24 2:19
Dominic Turgeon 0 0 0 1 0 2 1 0 0 0 3/4 15:38 0:06 1:34
Dylan McLaughlin 1 0 1 0 0 3 0 1 1 1 5/7 15:53 1:24 1:16
Jack Rathbone 0 0 0 -1 2 2 2 0 0 3 0/0 24:53 1:16 2:12
Josh Dickinson 0 0 0 0 0 1 0 0 0 0 6/7 13:48 1:24 1:32
Keegan Kolesar 0 1 1 0 5 1 1 0 0 0 17/29 22:22 2:28 3:19
Michael Dal Colle 0 0 0 0 0 1 0 0 0 0 0/0 16:11 0:06 0:57
Mitchell Vande Sompel 0 0 0 2 0 1 0 0 0 1 0/0 15:51 0:00 1:05
Nick Ritchie 0 1 1 0 0 4 1 1 1 0 0/2 16:05 2:28 1:43
Rob Hamilton 0 1 1 0 0 2 2 1 0 1 0/0 18:29 0:00 2:45
Seth Barton 0 1 1 0 0 3 1 1 0 0 0/0 16:43 0:00 1:15
Vasily Podkolzin 0 1 1 -1 0 8 1 0 2 0 1/2 21:35 2:28 0:00
Yannick Weber 0 0 0 1 0 1 0 0 0 0 0/0 11:24 2:42 0:00
3 Stars
1 - Chase Pearson (NID)
2 - Jonatan Berggren (NID)
3 - Daniel Vladar (NID)
Power Play
Niagara IceDogs - 1 on 4 Attempt(s) - 25.00%
Sarnia Sailors - 0 on 2 Attempt(s) - 0.00%
Penalty Kill
Niagara IceDogs - 2 on 2 Attempt(s) - 100.00%
- Score 0 goal in Penalty Kill
Sarnia Sailors - 3 on 4 Attempt(s) - 75.00%
- Score 0 goal in Penalty Kill
Team Stat
Niagara IceDogs - Hits : 30 - Faceoff Wins : 22 - Blocked Shots : 14 - Penalty Minutes : 9
Sarnia Sailors - Hits : 15 - Faceoff Wins : 35 - Blocked Shots : 7 - Penalty Minutes : 13
Official
Referees : Gord Dwyer and Francois StLaurent
Linesman : Brad Kovachik and Kiel Murchison
Game Notes
Keegan Kolesar beats up Alex Whelan at 8:57 of 2nd period
Niagara IceDogs
5 vs 5 Forward
Center Left Wing Right Wing Time % Phy DF OF
1 Jayden Halbgewachs Arttu Ruotsalainen Jack Quinn 30 1 2 2
2 James Hamblin Joachim Blichfeld Aliaksei Protas 25 1 2 2
3 Jonatan Berggren Chase Pearson Alex Whelan 25 1 2 2
4 Vasili Ponomarev Nicholas Robertson Tim Soderlund 20 1 2 2
5 vs 5 Defense
Defense Defense Time % Phy DF OF
1 Conor Timmins Joseph Duszak 40 1 2 2
2 Ian Mitchell John Ludvig 30 1 2 2
3 Jacob MacDonald Filip Kral 30 1 2 2
4 Conor Timmins Joseph Duszak 0 1 2 2
PowerPlay Forward
Center Left Wing Right Wing Time % Phy DF OF
1 Arttu Ruotsalainen Aliaksei Protas Jack Quinn 50 1 2 2
2 Jonatan Berggren Joachim Blichfeld Alex Whelan 50 1 2 2
PowerPlay Defense
Defense Defense Time % Phy DF OF
1 Ian Mitchell Jacob MacDonald 50 1 2 2
2 Conor Timmins John Ludvig 50 1 2 2
Penalty Kill 4 Players Forward
Center Wing Time % Phy DF OF
1 Jack Quinn Arttu Ruotsalainen 50 1 2 2
2 Aliaksei Protas Jonatan Berggren 50 1 2 2
Penalty Kill 4 Players Defense
Defense Defense Time % Phy DF OF
1 Ian Mitchell Jacob MacDonald 50 1 2 2
2 Conor Timmins John Ludvig 50 1 2 2
Penalty Kill - 3 Players Forward
Forward Time % Phy DF OF
1 Jack Quinn 50 1 2 2
2 Arttu Ruotsalainen 50 1 2 2
Penalty Kill - 3 Players Defense
Defense Defense Time % Phy DF OF
1 Ian Mitchell Jacob MacDonald 50 1 2 2
2 Conor Timmins John Ludvig 50 1 2 2
4 vs 4 Forward
Center Wing Time % Phy DF OF
1 Jack Quinn Arttu Ruotsalainen 50 1 2 2
2 Aliaksei Protas Jonatan Berggren 50 1 2 2
4 vs 4 Defense
Defense Defense Time % Phy DF OF
1 Ian Mitchell Jacob MacDonald 50 1 2 2
2 Conor Timmins John Ludvig 50 1 2 2
Last Minutes Offensive
Center Left Wing Right Wing Defense Defense
Arttu Ruotsalainen Aliaksei Protas Jack Quinn Ian Mitchell Jacob MacDonald
Last Minutes Defensive
Center Left Wing Right Wing Defense Defense
Arttu Ruotsalainen Aliaksei Protas Jack Quinn Ian Mitchell Jacob MacDonald
Goaltenders
Starting : Daniel Vladar
Backup : Joseph Woll
Extra Forwards
Normal : Nicholas Robertson, Vasili Ponomarev, Jayden Halbgewachs - PP : Nicholas Robertson, Vasili Ponomarev - PK : Jayden Halbgewachs
Extra Defensemen
Normal : Joseph Duszak, Filip Kral, Conor Timmins - PP : Joseph Duszak - PK : Filip Kral, Conor Timmins
Penalty Shots
Jack Quinn, Arttu Ruotsalainen, Aliaksei Protas, Jonatan Berggren, Joachim Blichfeld
Sarnia Sailors
5 vs 5 Forward
Center Left Wing Right Wing Time % Phy DF OF
1 Keegan Kolesar Dominic Toninato Vasily Podkolzin 40 1 2 2
2 Dylan McLaughlin Nick Ritchie Michael Dal Colle 30 1 2 2
3 Dominic Turgeon Aleksi Heponiemi Connor Carrick 20 1 2 2
4 Josh Dickinson Chris Wideman Yannick Weber 10 1 2 2
5 vs 5 Defense
Defense Defense Time % Phy DF OF
1 Alex Vlasic Jack Rathbone 40 1 2 2
2 Rob Hamilton Seth Barton 30 1 2 2
3 Mitchell Vande Sompel David Warsofsky 20 1 2 2
4 Connor Carrick Alex Vlasic 10 1 2 2
PowerPlay Forward
Center Left Wing Right Wing Time % Phy DF OF
1 Keegan Kolesar Nick Ritchie Vasily Podkolzin 60 1 2 2
2 Dominic Toninato Josh Dickinson Dylan McLaughlin 40 1 2 2
PowerPlay Defense
Defense Defense Time % Phy DF OF
1 Alex Vlasic Yannick Weber 60 1 2 2
2 Jack Rathbone Chris Wideman 40 1 2 2
Penalty Kill 4 Players Forward
Center Wing Time % Phy DF OF
1 Dominic Toninato Keegan Kolesar 60 1 2 2
2 Dylan McLaughlin Michael Dal Colle 40 1 2 2
Penalty Kill 4 Players Defense
Defense Defense Time % Phy DF OF
1 Alex Vlasic Connor Carrick 60 1 2 2
2 Jack Rathbone Rob Hamilton 40 1 2 2
Penalty Kill - 3 Players Forward
Forward Time % Phy DF OF
1 Dominic Toninato 60 1 2 2
2 Dylan McLaughlin 40 1 2 2
Penalty Kill - 3 Players Defense
Defense Defense Time % Phy DF OF
1 Alex Vlasic Connor Carrick 60 1 2 2
2 Jack Rathbone Rob Hamilton 40 1 2 2
4 vs 4 Forward
Center Wing Time % Phy DF OF
1 Keegan Kolesar Vasily Podkolzin 60 1 2 2
2 Dominic Turgeon Michael Dal Colle 40 1 2 2
4 vs 4 Defense
Defense Defense Time % Phy DF OF
1 Alex Vlasic Jack Rathbone 60 1 2 2
2 Connor Carrick Yannick Weber 40 1 2 2
Last Minutes Offensive
Center Left Wing Right Wing Defense Defense
Keegan Kolesar Dominic Toninato Vasily Podkolzin Alex Vlasic Jack Rathbone
Last Minutes Defensive
Center Left Wing Right Wing Defense Defense
Dylan McLaughlin Keegan Kolesar Dominic Toninato Alex Vlasic Connor Carrick
Goaltenders
Starting : Laurent Brossoit
Backup : Matt Tomkins
Extra Forwards
Normal : Josh Dickinson, Nick Ritchie, Aleksi Heponiemi - PP : Josh Dickinson, Nick Ritchie - PK : Josh Dickinson
Extra Defensemen
Normal : Rob Hamilton, Seth Barton, Jack Rathbone - PP : David Warsofsky - PK : Rob Hamilton, Seth Barton
Penalty Shots
Aleksi Heponiemi, Keegan Kolesar, Dominic Toninato, Vasily Podkolzin, Michael Dal Colle
% Time on Ice - Niagara IceDogs
Lines # - Real PCT - Wanted PCT - Time Play
Normal Forward
1 - 28% - 30% - 14:03
2 - 24% - 25% - 11:51
3 - 27% - 25% - 13:22
4 - 21% - 20% - 10:18
Normal Defense
1 - 41% - 40% - 20:09
2 - 28% - 30% - 14:07
3 - 31% - 30% - 15:18
4 - 0% - 0% - 0:00
PP Forward
1 - 52% - 50% - 3:22
2 - 48% - 50% - 3:06
PP Defense
1 - 47% - 50% - 3:02
2 - 53% - 50% - 3:26
PK Forward
1 - 47% - 50% - 1:53
2 - 53% - 50% - 2:05
PK Defense
1 - 47% - 50% - 1:51
2 - 53% - 50% - 2:07
PK3 Forward
1 - 0% - 50%
2 - 0% - 50%
PK3 Defense
1 - 0% - 50%
2 - 0% - 50%
44 Forward
1 - 46% - 50% - 2:19
2 - 54% - 50% - 2:41
44 Defense
1 - 62% - 50% - 3:06
2 - 38% - 50% - 1:54
Last Minute Offensive - 0:00
Last Minute Defensive - 0:00
Total
Forward - 65:00
Defense - 65:00
|
% Time on Ice - Sarnia Sailors
Lines # - Real PCT - Wanted PCT - Time Play
Normal Forward
1 - 35% - 40% - 17:25
2 - 27% - 30% - 13:17
3 - 24% - 20% - 11:45
4 - 14% - 10% - 7:07
Normal Defense
1 - 38% - 40% - 18:57
2 - 32% - 30% - 15:44
3 - 25% - 20% - 12:11
4 - 5% - 10% - 2:42
PP Forward
1 - 65% - 60% - 2:34
2 - 35% - 40% - 1:24
PP Defense
1 - 68% - 60% - 2:42
2 - 32% - 40% - 1:16
PK Forward
1 - 85% - 60% - 5:31
2 - 15% - 40% - 0:57
PK Defense
1 - 75% - 60% - 4:51
2 - 25% - 40% - 1:37
PK3 Forward
1 - 0% - 60%
2 - 0% - 40%
PK3 Defense
1 - 0% - 60%
2 - 0% - 40%
44 Forward
1 - 71% - 60% - 3:33
2 - 29% - 40% - 1:27
44 Defense
1 - 69% - 60% - 3:28
2 - 31% - 40% - 1:32
Last Minute Offensive - 0:00
Last Minute Defensive - 0:00
Total
Forward - 65:00
Defense - 65:00
|
Play-by-Play
1st period
0:01 of 1st period - Keegan Kolesar wins face-off versus Jack Quinn in neutral zone.
0:04 of 1st period - Slapshot by Vasily Podkolzin.
0:04 of 1st period - Shot Misses the Net.
1:09 of 1st period - Wrist shot by Josh Dickinson.
1:09 of 1st period - Deflect By Chris Wideman.
1:09 of 1st period - Shot Blocked by John Ludvig.
1:09 of 1st period - Puck is out of play.
1:10 of 1st period - Josh Dickinson wins face-off versus Vasili Ponomarev in Niagara IceDogs zone.
1:23 of 1st period - Wrist shot by Vasili Ponomarev.
1:23 of 1st period - Stopped by Laurent Brossoit with a rebound.
1:39 of 1st period - Jack Quinn is hit by Vasily Podkolzin and loses puck.
1:46 of 1st period - Keegan Kolesar is hit by Jayden Halbgewachs and loses puck.
1:57 of 1st period - Wrist shot by Vasily Podkolzin.
1:57 of 1st period - Shot Blocked by Aliaksei Protas.
2:19 of 1st period - Snap shot by Connor Carrick.
2:19 of 1st period - Shot Misses the Net.
2:21 of 1st period - Slapshot by Seth Barton.
2:21 of 1st period - Stopped by Daniel Vladar without a rebound.
2:22 of 1st period - Jonatan Berggren wins face-off versus Dominic Turgeon in Niagara IceDogs zone.
2:27 of 1st period - Snap shot by Jonatan Berggren.
2:27 of 1st period - Deflect By Alex Whelan.
2:27 of 1st period - Stopped by Laurent Brossoit with a rebound.
2:56 of 1st period - Snap shot by Connor Carrick.
2:56 of 1st period - Stopped by Daniel Vladar with a rebound.
2:58 of 1st period - Slapshot by Seth Barton.
2:58 of 1st period - Shot Blocked by Jonatan Berggren.
3:00 of 1st period - Snap shot by Aleksi Heponiemi.
3:00 of 1st period - Stopped by Daniel Vladar without a rebound.
3:01 of 1st period - Keegan Kolesar wins face-off versus Jayden Halbgewachs in Niagara IceDogs zone.
3:10 of 1st period - Wrist shot by Dominic Toninato.
3:10 of 1st period - Stopped by Daniel Vladar without a rebound.
3:11 of 1st period - Keegan Kolesar wins face-off versus Jack Quinn in Niagara IceDogs zone.
3:12 of 1st period - Snap shot by Vasily Podkolzin.
3:12 of 1st period - Stopped by Daniel Vladar without a rebound.
3:13 of 1st period - Vasili Ponomarev wins face-off versus Keegan Kolesar in Niagara IceDogs zone.
3:49 of 1st period - Snap shot by Dylan McLaughlin.
3:49 of 1st period - Shot Misses the Net.
4:14 of 1st period - Snap shot by Arttu Ruotsalainen.
4:14 of 1st period - Shot Hit the Post.
4:28 of 1st period - Snap shot by Nicholas Robertson.
4:28 of 1st period - Stopped by Laurent Brossoit without a rebound.
4:29 of 1st period - Keegan Kolesar wins face-off versus Vasili Ponomarev in Sarnia Sailors zone.
4:33 of 1st period - Off-side.
4:34 of 1st period - Keegan Kolesar wins face-off versus Jayden Halbgewachs in neutral zone.
4:41 of 1st period - Snap shot by Vasily Podkolzin.
4:41 of 1st period - Stopped by Daniel Vladar with a rebound.
4:43 of 1st period - Wrist shot by Dominic Toninato.
4:43 of 1st period - Goal by Dominic Toninato - Niagara IceDogs : 0 - Sarnia Sailors : 1.
4:44 of 1st period - Joachim Blichfeld wins face-off versus Nick Ritchie in neutral zone.
4:46 of 1st period - Minor Penalty to Joachim Blichfeld for Roughing.
4:47 of 1st period - Keegan Kolesar wins face-off versus Jack Quinn in Niagara IceDogs zone.
4:47 of 1st period - Wrist shot by Nick Ritchie.
4:47 of 1st period - Stopped by Daniel Vladar without a rebound.
4:48 of 1st period - Arttu Ruotsalainen wins face-off versus Vasily Podkolzin in Niagara IceDogs zone.
5:01 of 1st period - Wrist shot by Nick Ritchie.
5:01 of 1st period - Shot Blocked by Jonatan Berggren.
5:50 of 1st period - Slapshot by Nick Ritchie.
5:50 of 1st period - Shot Misses the Net.
6:46 of 1st period - Penalty to Joachim Blichfeld is over, Joachim Blichfeld is back on ice.
8:37 of 1st period - Dominic Toninato is hit by Aliaksei Protas and loses puck.
8:54 of 1st period - Aleksi Heponiemi is hit by John Ludvig and loses puck.
9:12 of 1st period - Chris Wideman is hit by Nicholas Robertson and loses puck.
9:38 of 1st period - Icing by Arttu Ruotsalainen.
9:39 of 1st period - Jonatan Berggren wins face-off versus Josh Dickinson in Niagara IceDogs zone.
10:11 of 1st period - Dominic Toninato is hit by Jack Quinn and loses puck.
10:28 of 1st period - Dominic Turgeon is hit by James Hamblin and loses puck.
11:07 of 1st period - Dominic Toninato is hit by Alex Whelan and loses puck.
11:19 of 1st period - Minor Penalty to Filip Kral for Holding.
11:20 of 1st period - Jack Quinn wins face-off versus Keegan Kolesar in Niagara IceDogs zone.
11:28 of 1st period - Conor Timmins is hit by Nick Ritchie and loses puck.
12:25 of 1st period - Jack Quinn is hit by Chris Wideman and loses puck.
13:02 of 1st period - John Ludvig is hit by Jack Rathbone and loses puck.
13:19 of 1st period - Penalty to Filip Kral is over, Filip Kral is back on ice.
13:21 of 1st period - Wrist shot by Michael Dal Colle.
13:21 of 1st period - Stopped by Daniel Vladar with a rebound.
13:23 of 1st period - Slapshot by Jack Rathbone.
13:23 of 1st period - Shot Misses the Net.
16:24 of 1st period - Chris Wideman is hit by James Hamblin and loses puck.
16:47 of 1st period - Dominic Toninato is hit by Alex Whelan and loses puck.
17:27 of 1st period - James Hamblin is hit by Chris Wideman and loses puck.
17:42 of 1st period - Jacob MacDonald is hit by Dominic Turgeon and loses puck.
18:56 of 1st period - Mitchell Vande Sompel is hit by Jack Quinn and loses puck.
19:19 of 1st period - Mitchell Vande Sompel is hit by Vasili Ponomarev and loses puck.
19:34 of 1st period - Snap shot by Nick Ritchie.
19:34 of 1st period - Stopped by Daniel Vladar without a rebound.
19:35 of 1st period - Dylan McLaughlin wins face-off versus Jayden Halbgewachs in Niagara IceDogs zone.
19:45 of 1st period - Minor Penalty to Jack Rathbone for Holding.
19:46 of 1st period - Arttu Ruotsalainen wins face-off versus Dominic Toninato in Sarnia Sailors zone.
19:48 of 1st period - Snap shot by Jack Quinn.
19:48 of 1st period - Shot Misses the Net.
19:50 of 1st period - Slapshot by John Ludvig.
19:50 of 1st period - Shot Blocked by Connor Carrick.
Goals for this period are 0 for Niagara IceDogs vs 1 for Sarnia Sailors.
Shots for this period are 3 for Niagara IceDogs vs 10 for Sarnia Sailors.
2nd period
0:01 of 2nd period - Jonatan Berggren wins face-off versus Dominic Toninato in neutral zone.
0:08 of 2nd period - Slapshot by Jonatan Berggren.
0:08 of 2nd period - Shot Misses the Net.
0:10 of 2nd period - Wrist shot by Ian Mitchell.
0:10 of 2nd period - Shot Blocked by Alex Vlasic.
0:12 of 2nd period - Slapshot by Jacob MacDonald.
0:12 of 2nd period - Shot Blocked by Alex Vlasic.
0:14 of 2nd period - Snap shot by Joachim Blichfeld.
0:14 of 2nd period - Shot Misses the Net.
0:16 of 2nd period - Backhand shot by Joachim Blichfeld.
0:16 of 2nd period - Goal by Joachim Blichfeld - Niagara IceDogs : 1 - Sarnia Sailors : 1.
0:17 of 2nd period - Keegan Kolesar wins face-off versus Arttu Ruotsalainen in neutral zone.
0:24 of 2nd period - Wrist shot by Vasily Podkolzin.
0:24 of 2nd period - Stopped by Daniel Vladar without a rebound.
0:25 of 2nd period - Jayden Halbgewachs wins face-off versus Keegan Kolesar in Niagara IceDogs zone.
1:57 of 2nd period - Snap shot by Vasili Ponomarev.
1:57 of 2nd period - Stopped by Laurent Brossoit with a rebound.
1:59 of 2nd period - Snap shot by Ian Mitchell.
1:59 of 2nd period - Shot Misses the Net.
2:03 of 2nd period - Slapshot by Vasili Ponomarev.
2:03 of 2nd period - Shot Misses the Net.
2:49 of 2nd period - Mitchell Vande Sompel is hit by Filip Kral and loses puck.
3:12 of 2nd period - Wrist shot by Chris Wideman.
3:12 of 2nd period - Deflect By Yannick Weber.
3:12 of 2nd period - Stopped by Daniel Vladar with a rebound.
3:30 of 2nd period - Snap shot by Michael Dal Colle.
3:30 of 2nd period - Shot Hit the Post.
4:00 of 2nd period - Slapshot by Keegan Kolesar.
4:00 of 2nd period - Shot Hit the Post.
4:17 of 2nd period - Aleksi Heponiemi is hit by Alex Whelan and loses puck.
4:38 of 2nd period - Snap shot by Aliaksei Protas.
4:38 of 2nd period - Stopped by Laurent Brossoit with a rebound.
4:40 of 2nd period - Snap shot by James Hamblin.
4:40 of 2nd period - Stopped by Laurent Brossoit with a rebound.
4:42 of 2nd period - Slapshot by Jacob MacDonald.
4:42 of 2nd period - Stopped by Laurent Brossoit with a rebound.
5:01 of 2nd period - Snap shot by Vasily Podkolzin.
5:01 of 2nd period - Stopped by Daniel Vladar with a rebound.
5:03 of 2nd period - Wrist shot by Rob Hamilton.
5:03 of 2nd period - Stopped by Daniel Vladar without a rebound.
5:04 of 2nd period - Jayden Halbgewachs wins face-off versus Keegan Kolesar in Niagara IceDogs zone.
5:29 of 2nd period - Nick Ritchie is hit by Chase Pearson and loses puck.
6:10 of 2nd period - Connor Carrick is hit by Conor Timmins.
6:18 of 2nd period - Snap shot by Vasili Ponomarev.
6:18 of 2nd period - Shot Misses the Net.
6:52 of 2nd period - Snap shot by Dylan McLaughlin.
6:52 of 2nd period - Shot Misses the Net.
6:56 of 2nd period - Slapshot by Nick Ritchie.
6:56 of 2nd period - Stopped by Daniel Vladar with a rebound.
6:58 of 2nd period - Wrist shot by Dylan McLaughlin.
6:58 of 2nd period - Stopped by Daniel Vladar with a rebound.
7:29 of 2nd period - Wrist shot by Arttu Ruotsalainen.
7:29 of 2nd period - Stopped by Laurent Brossoit with a rebound.
7:48 of 2nd period - Snap shot by Jack Quinn.
7:48 of 2nd period - Stopped by Laurent Brossoit with a rebound.
7:54 of 2nd period - Wrist shot by Aleksi Heponiemi.
7:54 of 2nd period - Deflect By Dominic Turgeon.
7:54 of 2nd period - Stopped by Daniel Vladar with a rebound.
7:58 of 2nd period - Wrist shot by Connor Carrick.
7:58 of 2nd period - Stopped by Daniel Vladar without a rebound.
7:59 of 2nd period - Vasily Podkolzin wins face-off versus Jonatan Berggren in Niagara IceDogs zone.
8:50 of 2nd period - Wrist shot by Dylan McLaughlin.
8:50 of 2nd period - Goal by Dylan McLaughlin - Niagara IceDogs : 1 - Sarnia Sailors : 2.
8:51 of 2nd period - Jonatan Berggren wins face-off versus Keegan Kolesar in neutral zone.
8:57 of 2nd period - Keegan Kolesar beats up Alex Whelan.
8:57 of 2nd period - Penalty to Keegan Kolesar for Fighting.
8:57 of 2nd period - Penalty to Alex Whelan for Fighting.
8:58 of 2nd period - Josh Dickinson wins face-off versus Chase Pearson in Sarnia Sailors zone.
9:05 of 2nd period - Slapshot by Jonatan Berggren.
9:05 of 2nd period - Stopped by Laurent Brossoit with a rebound.
9:07 of 2nd period - Slapshot by Conor Timmins.
9:07 of 2nd period - Shot Misses the Net.
9:09 of 2nd period - Snap shot by Jonatan Berggren.
9:09 of 2nd period - Shot Misses the Net.
9:11 of 2nd period - Wrist shot by Chase Pearson.
9:11 of 2nd period - Goal by Chase Pearson - Niagara IceDogs : 2 - Sarnia Sailors : 2.
9:12 of 2nd period - Josh Dickinson wins face-off versus Jayden Halbgewachs in neutral zone.
9:21 of 2nd period - Snap shot by Vasily Podkolzin.
9:21 of 2nd period - Stopped by Daniel Vladar with a rebound.
10:01 of 2nd period - Snap shot by Dominic Toninato.
10:01 of 2nd period - Stopped by Daniel Vladar with a rebound.
10:09 of 2nd period - Wrist shot by Dominic Toninato.
10:09 of 2nd period - Stopped by Daniel Vladar with a rebound.
10:11 of 2nd period - Snap shot by Josh Dickinson.
10:11 of 2nd period - Shot Misses the Net.
10:13 of 2nd period - Slapshot by Dominic Toninato.
10:13 of 2nd period - Stopped by Daniel Vladar with a rebound.
10:15 of 2nd period - Slapshot by Alex Vlasic.
10:15 of 2nd period - Stopped by Daniel Vladar without a rebound.
10:16 of 2nd period - Dylan McLaughlin wins face-off versus James Hamblin in Niagara IceDogs zone.
10:41 of 2nd period - Aleksi Heponiemi is hit by Jacob MacDonald and loses puck.
11:04 of 2nd period - Wrist shot by Vasili Ponomarev.
11:04 of 2nd period - Shot Misses the Net.
11:59 of 2nd period - Icing by David Warsofsky.
12:00 of 2nd period - Dylan McLaughlin wins face-off versus Vasili Ponomarev in Sarnia Sailors zone.
12:49 of 2nd period - Snap shot by Dominic Turgeon.
12:49 of 2nd period - Stopped by Daniel Vladar without a rebound.
12:50 of 2nd period - Dominic Turgeon wins face-off versus Jonatan Berggren in Niagara IceDogs zone.
13:05 of 2nd period - Wrist shot by Connor Carrick.
13:05 of 2nd period - Shot Misses the Net.
13:07 of 2nd period - Snap shot by Rob Hamilton.
13:07 of 2nd period - Shot Blocked by Joseph Duszak.
13:09 of 2nd period - Slapshot by Seth Barton.
13:09 of 2nd period - Stopped by Daniel Vladar with a rebound.
13:11 of 2nd period - Slapshot by Aleksi Heponiemi.
13:11 of 2nd period - Goal by Aleksi Heponiemi - Niagara IceDogs : 2 - Sarnia Sailors : 3.
13:12 of 2nd period - Josh Dickinson wins face-off versus James Hamblin in neutral zone.
13:15 of 2nd period - Wrist shot by Dominic Toninato.
13:15 of 2nd period - Shot Misses the Net.
13:47 of 2nd period - Snap shot by Chase Pearson.
13:47 of 2nd period - Shot Misses the Net.
14:01 of 2nd period - Snap shot by Arttu Ruotsalainen.
14:01 of 2nd period - Shot Blocked by Seth Barton.
14:15 of 2nd period - Jacob MacDonald is hit by Rob Hamilton and loses puck.
14:26 of 2nd period - Snap shot by Vasily Podkolzin.
14:26 of 2nd period - Shot Blocked by Jacob MacDonald.
14:28 of 2nd period - Slapshot by Seth Barton.
14:28 of 2nd period - Stopped by Daniel Vladar with a rebound.
14:30 of 2nd period - Slapshot by Rob Hamilton.
14:30 of 2nd period - Stopped by Daniel Vladar without a rebound.
14:31 of 2nd period - Dylan McLaughlin wins face-off versus James Hamblin in Niagara IceDogs zone.
14:37 of 2nd period - Snap shot by Michael Dal Colle.
14:37 of 2nd period - Shot Blocked by Conor Timmins.
14:39 of 2nd period - Snap shot by Alex Vlasic.
14:39 of 2nd period - Stopped by Daniel Vladar with a rebound.
14:41 of 2nd period - Slapshot by Jack Rathbone.
14:41 of 2nd period - Shot Misses the Net.
14:43 of 2nd period - Snap shot by Jack Rathbone.
14:43 of 2nd period - Shot Misses the Net.
14:45 of 2nd period - Snap shot by Nick Ritchie.
14:45 of 2nd period - Shot Blocked by James Hamblin.
14:47 of 2nd period - Slapshot by Alex Vlasic.
14:47 of 2nd period - Stopped by Daniel Vladar with a rebound.
14:59 of 2nd period - Snap shot by Vasily Podkolzin.
14:59 of 2nd period - Shot Misses the Net.
15:20 of 2nd period - Minor Penalty to Connor Carrick for Holding.
15:21 of 2nd period - Keegan Kolesar wins face-off versus Jonatan Berggren in Sarnia Sailors zone.
15:33 of 2nd period - Keegan Kolesar is hit by Jacob MacDonald and loses puck.
17:01 of 2nd period - Jack Quinn is hit by Jack Rathbone and loses puck.
17:20 of 2nd period - Penalty to Connor Carrick is over, Connor Carrick is back on ice.
18:00 of 2nd period - Backhand shot by Dylan McLaughlin.
18:00 of 2nd period - Shot Blocked by Joseph Duszak.
18:02 of 2nd period - Slapshot by Jack Rathbone.
18:02 of 2nd period - Shot Misses the Net.
18:48 of 2nd period - Wrist shot by Dylan McLaughlin.
18:48 of 2nd period - Shot Misses the Net.
18:50 of 2nd period - Snap shot by Connor Carrick.
18:50 of 2nd period - Shot Blocked by Joseph Duszak.
18:52 of 2nd period - Slapshot by Mitchell Vande Sompel.
18:52 of 2nd period - Stopped by Daniel Vladar with a rebound.
18:54 of 2nd period - Slapshot by Dylan McLaughlin.
18:54 of 2nd period - Stopped by Daniel Vladar with a rebound.
18:56 of 2nd period - Wrist shot by Jack Rathbone.
18:56 of 2nd period - Stopped by Daniel Vladar without a rebound.
18:57 of 2nd period - Keegan Kolesar wins face-off versus Jayden Halbgewachs in Niagara IceDogs zone.
19:37 of 2nd period - Dominic Toninato is hit by Aliaksei Protas and loses puck.
Goals for this period are 2 for Niagara IceDogs vs 2 for Sarnia Sailors.
Shots for this period are 9 for Niagara IceDogs vs 24 for Sarnia Sailors.
3rd period
0:01 of 3rd period - Jayden Halbgewachs wins face-off versus Keegan Kolesar in neutral zone.
0:28 of 3rd period - Wrist shot by James Hamblin.
0:28 of 3rd period - Stopped by Laurent Brossoit without a rebound.
0:29 of 3rd period - James Hamblin wins face-off versus Dylan McLaughlin in Sarnia Sailors zone.
0:56 of 3rd period - Snap shot by Jack Quinn.
0:56 of 3rd period - Stopped by Laurent Brossoit with a rebound.
1:00 of 3rd period - Snap shot by Arttu Ruotsalainen.
1:00 of 3rd period - Stopped by Laurent Brossoit with a rebound.
1:02 of 3rd period - Wrist shot by Jayden Halbgewachs.
1:02 of 3rd period - Stopped by Laurent Brossoit with a rebound.
1:04 of 3rd period - Snap shot by Joseph Duszak.
1:04 of 3rd period - Shot Blocked by Rob Hamilton.
1:06 of 3rd period - Slapshot by Jack Quinn.
1:06 of 3rd period - Stopped by Laurent Brossoit without a rebound.
1:07 of 3rd period - Keegan Kolesar wins face-off versus Jonatan Berggren in Sarnia Sailors zone.
1:17 of 3rd period - Wrist shot by Vasily Podkolzin.
1:17 of 3rd period - Stopped by Daniel Vladar without a rebound.
1:18 of 3rd period - Keegan Kolesar wins face-off versus Jonatan Berggren in Niagara IceDogs zone.
1:21 of 3rd period - Wrist shot by Vasily Podkolzin.
1:21 of 3rd period - Stopped by Daniel Vladar with a rebound.
1:31 of 3rd period - Snap shot by Alex Whelan.
1:31 of 3rd period - Stopped by Laurent Brossoit without a rebound.
1:32 of 3rd period - Jayden Halbgewachs wins face-off versus Keegan Kolesar in Sarnia Sailors zone.
1:37 of 3rd period - Wrist shot by Jack Quinn.
1:37 of 3rd period - Deflect By Jayden Halbgewachs.
1:37 of 3rd period - Shot Misses the Net.
1:37 of 3rd period - Puck is out of play.
1:38 of 3rd period - Dominic Toninato wins face-off versus Jayden Halbgewachs in Sarnia Sailors zone.
1:47 of 3rd period - Jack Rathbone is hit by Jack Quinn and loses puck.
2:48 of 3rd period - Snap shot by Alex Vlasic.
2:48 of 3rd period - Shot Misses the Net.
2:50 of 3rd period - Wrist shot by Josh Dickinson.
2:50 of 3rd period - Stopped by Daniel Vladar with a rebound.
2:52 of 3rd period - Snap shot by Alex Vlasic.
2:52 of 3rd period - Stopped by Daniel Vladar with a rebound.
2:54 of 3rd period - Slapshot by Alex Vlasic.
2:54 of 3rd period - Deflect By Jacob MacDonald.
2:54 of 3rd period - Stopped by Daniel Vladar without a rebound.
2:55 of 3rd period - Jayden Halbgewachs wins face-off versus Keegan Kolesar in Niagara IceDogs zone.
2:55 of 3rd period - Jayden Halbgewachs is hit by Seth Barton.
3:03 of 3rd period - Snap shot by Arttu Ruotsalainen.
3:03 of 3rd period - Stopped by Laurent Brossoit with a rebound.
3:05 of 3rd period - Slapshot by Jack Quinn.
3:05 of 3rd period - Stopped by Laurent Brossoit without a rebound.
3:06 of 3rd period - Keegan Kolesar wins face-off versus Arttu Ruotsalainen in Sarnia Sailors zone.
3:24 of 3rd period - Icing by Conor Timmins.
3:25 of 3rd period - Jayden Halbgewachs wins face-off versus Dylan McLaughlin in Niagara IceDogs zone.
3:38 of 3rd period - Snap shot by Nick Ritchie.
3:38 of 3rd period - Stopped by Daniel Vladar with a rebound.
3:53 of 3rd period - Off-side.
3:54 of 3rd period - Jonatan Berggren wins face-off versus Connor Carrick in neutral zone.
4:21 of 3rd period - Wrist shot by Nicholas Robertson.
4:21 of 3rd period - Stopped by Laurent Brossoit without a rebound.
4:22 of 3rd period - Keegan Kolesar wins face-off versus Vasili Ponomarev in Sarnia Sailors zone.
4:54 of 3rd period - Snap shot by Jonatan Berggren.
4:54 of 3rd period - Deflect By Chase Pearson.
4:54 of 3rd period - Shot Blocked by Dylan McLaughlin.
4:54 of 3rd period - Puck is out of play.
4:55 of 3rd period - Dominic Toninato wins face-off versus Jonatan Berggren in Sarnia Sailors zone.
4:59 of 3rd period - Off-side.
5:00 of 3rd period - Jonatan Berggren wins face-off versus Keegan Kolesar in neutral zone.
5:42 of 3rd period - Slapshot by Jonatan Berggren.
5:42 of 3rd period - Shot Misses the Net.
5:46 of 3rd period - Snap shot by Chase Pearson.
5:46 of 3rd period - Deflect By Jonatan Berggren.
5:46 of 3rd period - Goal by Jonatan Berggren - Niagara IceDogs : 3 - Sarnia Sailors : 3.
5:47 of 3rd period - Arttu Ruotsalainen wins face-off versus Nick Ritchie in neutral zone.
6:25 of 3rd period - Filip Kral is hit by Chris Wideman and loses puck.
6:38 of 3rd period - Jacob MacDonald is hit by Dominic Toninato and loses puck.
6:51 of 3rd period - Wrist shot by Vasily Podkolzin.
6:51 of 3rd period - Shot Misses the Net.
7:14 of 3rd period - Icing by Jack Rathbone.
7:15 of 3rd period - Dominic Turgeon wins face-off versus Jayden Halbgewachs in Sarnia Sailors zone.
7:51 of 3rd period - Slapshot by Jack Rathbone.
7:51 of 3rd period - Stopped by Daniel Vladar without a rebound.
7:52 of 3rd period - Keegan Kolesar wins face-off versus James Hamblin in Niagara IceDogs zone.
8:23 of 3rd period - Slapshot by Jonatan Berggren.
8:23 of 3rd period - Shot Misses the Net.
8:27 of 3rd period - Backhand shot by Jonatan Berggren.
8:27 of 3rd period - Stopped by Laurent Brossoit with a rebound.
8:29 of 3rd period - Wrist shot by Jonatan Berggren.
8:29 of 3rd period - Stopped by Laurent Brossoit without a rebound.
8:30 of 3rd period - Dylan McLaughlin wins face-off versus Jayden Halbgewachs in Sarnia Sailors zone.
8:43 of 3rd period - Wrist shot by Arttu Ruotsalainen.
8:43 of 3rd period - Shot Blocked by Nick Ritchie.
8:45 of 3rd period - Snap shot by Joseph Duszak.
8:45 of 3rd period - Stopped by Laurent Brossoit without a rebound.
8:46 of 3rd period - Dominic Turgeon wins face-off versus James Hamblin in Sarnia Sailors zone.
8:48 of 3rd period - Minor Penalty to Connor Carrick for Tripping.
8:49 of 3rd period - Dominic Toninato wins face-off versus Arttu Ruotsalainen in Sarnia Sailors zone.
8:57 of 3rd period - Dominic Toninato is hit by Arttu Ruotsalainen and loses puck.
10:37 of 3rd period - Nick Ritchie is hit by Jack Quinn and loses puck.
10:48 of 3rd period - Penalty to Connor Carrick is over, Connor Carrick is back on ice.
11:00 of 3rd period - Wrist shot by Yannick Weber.
11:00 of 3rd period - Shot Misses the Net.
12:26 of 3rd period - David Warsofsky is hit by Jack Quinn and loses puck.
12:39 of 3rd period - Alex Whelan is hit by Rob Hamilton and loses puck.
12:58 of 3rd period - Tim Soderlund is hit by Connor Carrick and loses puck.
13:25 of 3rd period - Snap shot by Vasily Podkolzin.
13:25 of 3rd period - Shot Blocked by Conor Timmins.
13:27 of 3rd period - Slapshot by Vasily Podkolzin.
13:27 of 3rd period - Stopped by Daniel Vladar with a rebound.
13:29 of 3rd period - Slapshot by Rob Hamilton.
13:29 of 3rd period - Deflect By Dominic Toninato.
13:29 of 3rd period - Shot Blocked by Conor Timmins.
13:29 of 3rd period - Puck is out of play.
13:30 of 3rd period - Josh Dickinson wins face-off versus James Hamblin in Niagara IceDogs zone.
13:31 of 3rd period - Snap shot by Chris Wideman.
13:31 of 3rd period - Shot Misses the Net.
13:41 of 3rd period - Mitchell Vande Sompel is hit by Aliaksei Protas and loses puck.
14:13 of 3rd period - Rob Hamilton is hit by Nicholas Robertson and loses puck.
14:45 of 3rd period - Jonatan Berggren is hit by Connor Carrick and loses puck.
14:52 of 3rd period - Jack Rathbone is hit by Joseph Duszak and loses puck.
14:57 of 3rd period - Slapshot by Jonatan Berggren.
14:57 of 3rd period - Stopped by Laurent Brossoit with a rebound.
14:59 of 3rd period - Slapshot by Jacob MacDonald.
14:59 of 3rd period - Shot Misses the Net.
15:09 of 3rd period - Snap shot by Chase Pearson.
15:09 of 3rd period - Stopped by Laurent Brossoit with a rebound.
15:11 of 3rd period - Slapshot by Filip Kral.
15:11 of 3rd period - Stopped by Laurent Brossoit with a rebound.
15:13 of 3rd period - Wrist shot by Chase Pearson.
15:13 of 3rd period - Stopped by Laurent Brossoit without a rebound.
15:14 of 3rd period - Vasili Ponomarev wins face-off versus Keegan Kolesar in Sarnia Sailors zone.
15:28 of 3rd period - Minor Penalty to Dominic Toninato for Holding.
15:29 of 3rd period - Josh Dickinson wins face-off versus Arttu Ruotsalainen in Sarnia Sailors zone.
15:39 of 3rd period - Wrist shot by Aliaksei Protas.
15:39 of 3rd period - Shot Misses the Net.
15:41 of 3rd period - Slapshot by Conor Timmins.
15:41 of 3rd period - Stopped by Laurent Brossoit with a rebound.
15:59 of 3rd period - Alex Whelan is hit by Keegan Kolesar and loses puck.
17:02 of 3rd period - Nick Ritchie is hit by Conor Timmins and loses puck.
17:28 of 3rd period - Penalty to Dominic Toninato is over, Dominic Toninato is back on ice.
18:12 of 3rd period - Off-side.
18:13 of 3rd period - James Hamblin wins face-off versus Keegan Kolesar in neutral zone.
18:39 of 3rd period - Michael Dal Colle is hit by Tim Soderlund and loses puck.
19:08 of 3rd period - David Warsofsky is hit by Chase Pearson and loses puck.
Goals for this period are 1 for Niagara IceDogs vs 0 for Sarnia Sailors.
Shots for this period are 18 for Niagara IceDogs vs 8 for Sarnia Sailors.
Overtime #1
0:01 of 1st overtime period - Keegan Kolesar wins face-off versus Jack Quinn in neutral zone.
0:04 of 1st overtime period - Slapshot by Keegan Kolesar.
0:04 of 1st overtime period - Stopped by Daniel Vladar without a rebound.
0:05 of 1st overtime period - Keegan Kolesar wins face-off versus Jack Quinn in Niagara IceDogs zone.
1:06 of 1st overtime period - Snap shot by Josh Dickinson.
1:06 of 1st overtime period - Shot Blocked by John Ludvig.
1:28 of 1st overtime period - Slapshot by Jack Rathbone.
1:28 of 1st overtime period - Shot Blocked by Aliaksei Protas.
1:52 of 1st overtime period - Snap shot by Vasili Ponomarev.
1:52 of 1st overtime period - Stopped by Laurent Brossoit without a rebound.
1:53 of 1st overtime period - Keegan Kolesar wins face-off versus Nicholas Robertson in Sarnia Sailors zone.
2:10 of 1st overtime period - Keegan Kolesar is hit by Arttu Ruotsalainen and loses puck.
2:31 of 1st overtime period - Dominic Turgeon is hit by Aliaksei Protas and loses puck.
3:43 of 1st overtime period - Slapshot by Aleksi Heponiemi.
3:43 of 1st overtime period - Shot Misses the Net.
4:20 of 1st overtime period - Icing by Aliaksei Protas.
4:21 of 1st overtime period - Aliaksei Protas wins face-off versus Keegan Kolesar in Niagara IceDogs zone.
Goals for this period are 0 for Niagara IceDogs vs 0 for Sarnia Sailors.
Shots for this period are 1 for Niagara IceDogs vs 1 for Sarnia Sailors.
ShootOut
5:00 of 1st overtime period - Round #1.
5:00 of 1st overtime period - Niagara IceDogs, Jack Quinn.
5:00 of 1st overtime period - Wrist shot by Jack Quinn.
5:00 of 1st overtime period - Stopped by Laurent Brossoit.
5:00 of 1st overtime period - Sarnia Sailors, Aleksi Heponiemi.
5:00 of 1st overtime period - Snap shot by Aleksi Heponiemi.
5:00 of 1st overtime period - Stopped by Daniel Vladar.
5:00 of 1st overtime period - Round #2.
5:00 of 1st overtime period - Niagara IceDogs, Arttu Ruotsalainen.
5:00 of 1st overtime period - Snap shot by Arttu Ruotsalainen.
5:00 of 1st overtime period - Shot Misses the Net.
5:00 of 1st overtime period - Sarnia Sailors, Keegan Kolesar.
5:00 of 1st overtime period - Deke by Keegan Kolesar.
5:00 of 1st overtime period - Shot Misses the Net.
5:00 of 1st overtime period - Round #3.
5:00 of 1st overtime period - Niagara IceDogs, Aliaksei Protas.
5:00 of 1st overtime period - Wrist shot by Aliaksei Protas.
5:00 of 1st overtime period - Stopped by Laurent Brossoit.
5:00 of 1st overtime period - Sarnia Sailors, Dominic Toninato.
5:00 of 1st overtime period - Wrist shot by Dominic Toninato.
5:00 of 1st overtime period - Stopped by Daniel Vladar.
5:00 of 1st overtime period - Round #4.
5:00 of 1st overtime period - Niagara IceDogs, Jonatan Berggren.
5:00 of 1st overtime period - Wrist shot by Jonatan Berggren.
5:00 of 1st overtime period - Stopped by Laurent Brossoit.
5:00 of 1st overtime period - Sarnia Sailors, Vasily Podkolzin.
5:00 of 1st overtime period - Deke by Vasily Podkolzin.
5:00 of 1st overtime period - Shot Misses the Net.
5:00 of 1st overtime period - Round #5.
5:00 of 1st overtime period - Niagara IceDogs, Joachim Blichfeld.
5:00 of 1st overtime period - Snap shot by Joachim Blichfeld.
5:00 of 1st overtime period - Shot Misses the Net.
5:00 of 1st overtime period - Sarnia Sailors, Michael Dal Colle.
5:00 of 1st overtime period - Deke by Michael Dal Colle.
5:00 of 1st overtime period - Shot Misses the Net.
5:00 of 1st overtime period - Round #6.
5:00 of 1st overtime period - Niagara IceDogs, Jacob MacDonald.
5:00 of 1st overtime period - Snap shot by Jacob MacDonald.
5:00 of 1st overtime period - Goal by Jacob MacDonald.
5:00 of 1st overtime period - Sarnia Sailors, Yannick Weber.
5:00 of 1st overtime period - Wrist shot by Yannick Weber.
5:00 of 1st overtime period - Stopped by Daniel Vladar.
Back to the Top